 Dungeon Crawl Stone Soup version 0.32-a0-656-g3542139ebd (webtiles) character file.

Game seed: 2744597185906037418

283 nuthulu the Trooper (level 6, -4/41 HPs)
             Began as a Gargoyle Fighter on Mar 8, 2024.
             Slain by a small abomination (14 damage)
             ... on level 3 of the Dungeon.
             The game lasted 00:05:13 (2001 turns).

nuthulu the Trooper (Gargoyle Fighter)              Turns: 2001, Time: 00:05:13

Health: -4/41      AC: 22    Str: 22    XL:     6   Next: 28%
Magic:  6/6        EV:  6    Int:  8    God:
Gold:   61         SH:  4    Dex:  9    Spells: 5/5 levels left

rFire   . . .        a - +2 war axe (venom)
rCold   . . .        c - +0 buckler
rNeg    + . .        h - +0 plate armour
rPois   ∞            j - +1 helmet
rElec   +            o - +3 cloak of Midnight {+Blink}
rCorr   .            (no gloves)
SInv    .            (no boots)
Will    .....        (no amulet) Stlth
                     (no ring)
HPRegen 0.26/turn    (no ring)
MPRegen 0.10/turn

%: no passive effects
@: mighty
A: sickness immunity, AC +4, negative energy resistance 1, electricity
resistance, torment resistance 1, petrification resistance
a: Evoke Blink


You were on level 3 of the Dungeon.
You visited 1 branch of the dungeon, and saw 3 of its levels.

You collected 89 gold pieces.
You spent 28 gold pieces at shops.

Inventory:

Hand Weapons
 a - a +2 war axe of venom (weapon)
 l - a +2 flail of pain
Missiles
 m - a throwing net (quivered)
Armour
 b - a +0 scale mail
 c - a +0 buckler (worn)
 h - a +0 plate armour (worn)
 j - a +1 helmet (worn)
 n - a +2 cloak of preservation
 o - the +3 cloak of Midnight (worn) {+Blink}
   (You acquired it on level 3 of the Dungeon)

   +Blink:    It lets you blink.
Jewellery
 e - a ring of flight
 k - a ring of fire
Scrolls
 p - a scroll of fear
 s - a scroll of identify
Potions
 d - a potion of might
 f - 2 potions of enlightenment
 g - a potion of haste
 i - a potion of curing
 q - 2 potions of heal wounds
 r - 2 potions of brilliance


   Skills:
 + Level 5.8 Fighting
 + Level 4.3 Axes
 - Level 3.2 Armour
 - Level 3.2 Shields


You had 5 spell levels left.
You didn't know any spells.
Your spell library was empty.

Dungeon Overview and Level Annotations

Branches:
Dungeon (3/15)

Altars:
Wu Jian

Shops:
D:2 *=(?*

Annotations:
D:3 1 transporter


Innate Abilities, Weirdness & Mutations

You are immune to sickness and miasma.
Your stone body is resilient. (AC +4)
You are immune to poison.
You resist negative energy. (rN+)
You are resistant to electric shocks. (rElec)
You are resistant to unholy torment.
You are immune to petrification.


Message History

Found a stone staircase leading up.
You start putting on your armour.
You continue putting on the +3 cloak of Midnight {+Blink}. x4
You finish putting on the +3 cloak of Midnight {+Blink}.
Okay, then.
There is a stone staircase leading up here.
You see here 3 stones.
You see here a +0 dagger.
Found a transporter.
The ufetubus shouts!
Something shouts, "Run away, thou plume-plucked flap-mouthed canker-blossom!"
You hear a shout!
You see here 2 stones.
There is an open door here.
There is an open door here.
Partly explored, unvisited transporter.
Partly explored, unvisited transporter.
There is an open door here.
There is an open door here.
There is a transporter landing site here.
There is a transporter here.
Okay, then.
You enter the transporter and appear at another place.
The small abomination hits you.
You completely miss the small abomination.
The small abomination hits you but does no damage. x2
You barely miss the small abomination. The small abomination hits you!
You completely miss the small abomination.
You closely miss the small abomination.
The small abomination hits you but does no damage.
The small abomination hits you!
The small abomination barely misses you.
You feel very mighty all of a sudden. The small abomination hits you.
* * * LOW HITPOINT WARNING * * *
The small abomination barely misses you.
You slash the small abomination!
The small abomination is heavily damaged.
You hit the small abomination. The small abomination hits you!
You die...

#....##..##.#.###...##..#..#
#######...##.##....##:..#..#
#...##^.##.###...##..#
###..##..#.###...###...#
###....#©.# ....^#.#.....#
####......##.##.##.##.##....#
#..........##.#..... ##...#
#...........#.#x.#### ##..#
#..........##.@x##©.# #..##
#..........##©###...### ##...#
#..........####.......###....#
#............©............)..#
###.........................†..##
_........#######................#
....####.# #.....#.(....#...###.#
....# #.# #.##.............###.#
##### #.###.##.#..........>....#


You could see 2 small abominations.

Vanquished Creatures
  Crazy Yiuf (D:3)
  Jessica (D:3)
  Natasha (twice) (D:2)
  2 orc wizards (D:3)
  3 gnolls (D:2)
  4 adders
  A dart slug (D:1)
  3 orcs (D:3)
  6 endoplasms
  2 giant cockroaches
  4 goblins
  11 hobgoblins
  2 quokkas
  2 ball pythons
  5 bats
  3 frilled lizards
  4 kobolds
  7 rats
63 creatures vanquished.

Notes
Turn   | Place    | Note
-------+----------+-------------------------------------------
     0 | D:1      | nuthulu the Gargoyle Fighter began the quest for the Orb.
     0 | D:1      | Reached XP level 1. HP: 14/14 MP: 1/1
    67 | D:1      | Reached XP level 2. HP: 17/19 MP: 2/2
   249 | D:1      | Reached XP level 3. HP: 24/24 MP: 3/3
   257 | D:1      | Reached skill level 4 in Fighting
   536 | D:2      | Found an ornate altar of the Wu Jian Council.
   543 | D:2      | Found Omur's Assorted Antiques.
   549 | D:2      | Noticed Natasha
   565 | D:2      | Killed Natasha
   570 | D:2      | Reached XP level 4. HP: 22/30 MP: 4/4
   660 | D:2      | Noticed Natasha
   666 | D:2      | Killed Natasha
   677 | D:2      | Reached skill level 5 in Fighting
   677 | D:2      | Reached XP level 5. HP: 23/35 MP: 5/5
   737 | D:2      | Found Tafageesh's Magic Scroll Boutique.
   750 | D:2      | Bought a scroll of identify for 28 gold pieces
   848 | D:2      | Found Xuuc's Assorted Antiques.
   858 | D:2      | Found Yfuzan's Jewellery Boutique.
   986 | D:2      | Found Ticzotag's Antique Weapon Emporium.
  1083 | D:3      | Found a runed translucent door.
  1084 | D:3      | Noticed Crazy Yiuf
  1161 | D:3      | Killed Crazy Yiuf
  1162 | D:3      | Reached XP level 6. HP: 40/40 MP: 6/6
  1467 | D:3      | Noticed Jessica
  1474 | D:3      | Killed Jessica
  1539 | D:3      | Found a transporter.
  1562 | D:3      | Found a faded altar of an unknown god.
  1569 | D:3      | Identified a scroll of acquirement
  1570 | D:3      | Acquired the +3 cloak of Midnight {+Blink}
  1808 | D:3      | Found a transporter.
  2001 | D:3      | Slain by a small abomination

Illustrated notes

Levels and vault maps discovered:
D:1:      dpeg_arrival_fog, layout_rooms
D:2:      layout_rooms, basic_altar, serial_shops, nicolae_shop_back_alley_shop,
          nicolae_shop_window_shopping, nicolae_shop_crystal,
          nicolae_shop_stone, nicolae_shop_advertising_works
          [nicolae_subvault_shop_adworks], uniq_natasha
D:3:      layout_basic, basic_ecumenical_altar, gammafunk_ghost_abyssal_escape,
          uniq_jessica, uniq_crazy_yiuf_cottage

Skill      XL: |  1  2  3  4  5 |
---------------+----------------+-----
Axes           | 2 3 4 |  4.3
Fighting       | 4 5 |  5.8
Armour         | |  3.2
Shields        | |  3.2

Action                     |  1- 3 |  4- 6 || total
---------------------------+-------+-------++-------
  Melee: War axe           |    76 |    69 ||   145
    Use: Scroll            |     3 |    12 ||    15
         Potion            |       |     1 ||     1
 Armour: Plate armour      |    83 |    60 ||   143
         Scale mail        |     3 |       ||     3
  Dodge: Dodged            |    21 |    18 ||    39
  Block: Buckler           |    19 |    17 ||    36

Table legend: (Time is in decaauts)
 A = Elapsed time spent in this place.
 B = Non-inter-level travel time spent in this place.
 C = Inter-level travel time spent in this place.
 D = Time resting spent in this place.
 E = Time spent auto-exploring this place.
 F = Levels seen in this place.
 G = Mean time per level.
                   A        B        C        D        E       F      G
               +--------+--------+--------+--------+--------+-----+--------+
         Total |   2062 |   2044 |     18 |    270 |   1059 |   3 |  687.3 |
       Dungeon |   2062 |   2044 |     18 |    270 |   1059 |   3 |  687.3 |
               +--------+--------+--------+--------+--------+-----+--------+

Top non-repeatable levels by time:
     D:3: 971 daAuts
     D:2: 585 daAuts
     D:1: 505 daAuts
